Map: 세룰리안 폴 - 래더

Players

LiquidTaeJa (TaeJa)

  • Race: Terran Terran
  • League: Diamond
  • Spawn Location: 1:00

Cure - Winner!

  • Race: Terran Terran
  • League: Master
  • Spawn Location: 7:00

Event: HomeStory Cup XVIII

VOD

Have the link to the VOD?

Description

Time

  • Played on: Nov. 24, 2018, 4:01 p.m.
  • Length: 19:56

All games in this series

Show
View Real Time Build Order
Export as new Build Order

LiquidTaeJa Terran 

Build Orders: Gas First Reaper Expand, Reaper Expand 

Get SALT Encoding   

  12  0:00  SCV  
  13  0:12  SCV  
  14  0:17  Supply Depot  
  14  0:25  SCV  
  14  0:28  Refinery  
  15  0:39  SCV  
  16  0:44  Barracks  
  16  0:51  SCV  
  17  1:03  SCV  
  18  1:15  SCV  
  19  1:31  Orbital Command  
  19  1:32  Reaper  
  20  1:39  Bunker  
  20  1:52  Command Center  
  20  1:57  SCV  
  21  2:01  Factory  
  21  2:06  Barracks Reactor  
  21  2:09  SCV  
  21  2:13  Refinery  
  22  2:23  Supply Depot, SCV  
  23  2:45  Marine x2, SCV  
  23  2:46  Starport, Hellion  
  28  2:57  SCV  
  29  3:02  Marine x2  
  29  3:04  Orbital Command  
  31  3:08  Factory Tech Lab  
  31  3:09  SCV  
  32  3:20  Marine  
  32  3:21  Marine, SCV  
  35  3:30  Raven, SCV  
  35  3:33  Factory Tech Lab, SCV  
  39  3:34  Refinery  
  39  3:40  Supply Depot  
  39  3:43  SCV  
  39  3:45  SCV  
  39  3:47  Marine x2  
  43  3:51  Cyclone  
  46  4:02  SCV x2  
  48  4:03  Supply Depot  
  48  4:14  Raven, SCV x2  
  52  4:18  Supply Depot  
  52  4:22  Marine x2  
  54  4:26  SCV x2  
  53  4:41  SCV x2  
  53  4:43  Siege Tank  
  57  4:53  SCV x2  
  58  5:05  SCV x2  
  58  5:07  Supply Depot  
  60  5:08  Viking x2  
  64  5:17  SCV x2  
  66  5:24  Command Center  
  66  5:27  Stimpack  
  66  5:34  SCV x2  
  66  5:36  Siege Tank  
  69  5:43  Supply Depot  
  69  5:44  Refinery  
  69  5:45  Marine  
  69  5:47  Viking  
  69  5:48  SCV x2  
  74  5:55  Viking  
  76  6:00  SCV x2  
  78  6:04  Marine  
  78  6:09  Barracks  
  78  6:10  Siege Tank  
  80  6:12  Barracks  
  80  6:16  SCV x2  
  80  6:17  Viking  
  83  6:22  Marine  
  83  6:26  Viking  
  83  6:30  SCV  
  86  6:33  Engineering Bay, SCV  
  86  6:34  Engineering Bay  
  86  6:35  Supply Depot  
  70  6:49  Viking  
  70  6:51  Orbital Command, SCV x2  
  72  6:56  Viking  
  72  6:57  Barracks Reactor  
  72  7:00  Barracks Reactor  
  72  7:01  Marine  
  74  7:03  Terran Infantry Weapons Level 1  
  74  7:05  SCV x2  
  74  7:07  Orbital Command  
  77  7:13  Siege Tank  
  80  7:17  SCV x2  
  80  7:18  Barracks  
  80  7:19  Barracks  
  80  7:21  Terran Infantry Armor Level 1  
  82  7:29  SCV x2  
  84  7:30  Marine  
  84  7:31  Combat Shield  
  84  7:32  SCV  
  86  7:39  Marine x4  
  86  7:41  SCV x2  
  92  7:44  SCV  
  92  7:46  Supply Depot  
  92  7:47  Siege Tank  
  92  7:48  Liberator  
  96  7:53  SCV x2  
  96  7:56  SCV  
  97  8:00  Marine x2  
  95  8:07  Viking  
  95  8:09  Marine  
  95  8:10  Marine  
  95  8:11  Barracks Reactor x2  
  99  8:14  Orbital Command  
  99  8:15  SCV x2  
  100  8:31  Marine x4  
  103  8:35  SCV x2  
  103  8:37  Medivac  
  103  8:39  Marine  
  102  8:41  SCV  
  102  8:42  Armory  
  102  8:47  SCV  
  102  8:48  Marine x4  
  97  8:54  SCV x2  
  99  8:56  Marine  
  99  8:58  Sensor Tower  
  99  8:59  Marine x2, Refinery, SCV  
  99  9:00  Marine x2, Refinery  
  104  9:06  SCV  
  104  9:09  Marine x3  
  108  9:10  Medivac  
  108  9:11  Medivac  
  108  9:13  Supply Depot, SCV x2  
  108  9:15  Marine x2  
  116  9:17  Marine  
  117  9:34  Marine x3  
  117  9:35  Siege Tank, SCV x2  
  117  9:36  Terran Infantry Weapons Level 2  
  125  9:40  Supply Depot  
  125  9:41  Supply Depot  
  125  9:42  Supply Depot  
  125  9:51  Marine x2  
  125  9:52  Marine x3  
  125  9:53  Marine  
  125  9:55  Marine x3  
  117  10:01  SCV x3  
  117  10:02  Terran Infantry Armor Level 2  
  120  10:07  Siege Tank  
  120  10:09  Marine x3  
  120  10:10  Marine  
  124  10:18  Factory  
  124  10:20  Command Center  
  124  10:23  Marine x2, Barracks Reactor  
  124  10:26  Marine  
  124  10:27  Marine x2  
  129  10:30  SCV x2  
  129  10:31  SCV  
  129  10:33  Supply Depot  
  129  10:34  Supply Depot, Marine x2  
  129  10:35  Supply Depot  
  134  10:41  Terran Vehicle Weapons Level 1  
  134  10:46  Marine x2  
  134  10:47  Medivac x2  
  140  10:50  Supply Depot, SCV  
  140  10:54  Marine  
  140  10:55  Siege Tank, SCV x2  
  146  11:01  Marine  
  146  11:02  Marine x2  
  146  11:03  Marine x2  
  147  11:06  Marine x2  
  147  11:08  SCV x2  
  147  11:10  SCV  
  152  11:13  Siege Tank  
  152  11:14  Marine  
  156  11:19  Viking  
  156  11:23  SCV  
  158  11:29  SCV x2  
  160  11:39  Marine x7  
  167  11:40  Siege Tank  
  167  11:41  Viking  
  172  11:50  SCV x2  
  172  11:51  SCV  
  175  11:59  Sensor Tower  
  174  12:01  Planetary Fortress  
  174  12:02  SCV x2  
  174  12:04  Viking, Refinery  
  174  12:05  Refinery  
  178  12:11  Viking  
  180  12:16  Starport  
  180  12:19  Starport  
  180  12:20  Missile Turret  
  180  12:24  Terran Infantry Weapons Level 3, Terran Infantry Armor Level 3  
  180  12:27  SCV x3  
  183  12:30  Marine x2  
  183  12:31  Marine x2  
  185  12:46  Terran Vehicle Weapons Level 2  
  180  12:56  Marine x7  
  180  12:58  Starport Reactor, Viking, Starport Tech Lab  
  188  13:01  Supply Depot  
  188  13:04  Viking  
  188  13:05  Missile Turret  
  190  13:06  Command Center x2  
  180  13:12  Marine  
  180  13:13  Marine x2  
  180  13:14  Marine x5  
  180  13:18  Marine x2  
  190  13:21  Corvid Reactor, Raven  
  190  13:25  Fusion Core  
  192  13:27  Viking  
  192  13:32  Marine  
  192  13:33  Marine x5  
  200  13:40  Barracks  
  200  13:41  Barracks  
  200  13:44  Barracks  
  200  13:57  Missile Turret  
  200  14:01  Missile Turret  
  193  14:03  Missile Turret  
  193  14:04  Missile Turret  
  193  14:06  Missile Turret  
  193  14:07  Viking x3  
  193  14:08  Viking  
  193  14:09  Raven  
  198  14:17  Missile Turret  
  198  14:20  Marine  
  198  14:21  Marine x2  
  184  14:25  Marine x3  
  184  14:26  Marine  
  184  14:28  Barracks Reactor x2  
  184  14:30  Barracks Reactor  
  177  14:38  Marine x2  
  178  14:40  Medivac x3  
  178  14:41  Viking, Siege Tank x2  
  187  14:56  Raven  
  187  14:57  Planetary Fortress  
  189  15:03  Terran Vehicle And Ship Armor Level 1  
  189  15:04  Planetary Fortress  
  189  15:08  SCV x4  
  189  15:13  Viking, Siege Tank  
  198  15:22  Viking  
  198  15:26  Marine x2  
  198  15:27  Marine  
  198  15:28  Marine  
  193  15:30  Marine x3  
  193  15:32  Viking x2  
  185  15:37  Marine x4  
  185  15:38  SCV  
  185  15:39  Viking, Siege Tank  
  185  15:42  Marine  
  194  15:43  Marine  
  194  15:46  Siege Tank  
  194  15:48  Viking  
  196  15:57  Marine  
  196  16:04  Viking  
  196  16:22  Marine x3  
  196  16:23  Marine x3  
  196  16:24  Marine  
  196  16:25  Marine x6, Viking  
  187  16:26  Viking, Raven  
  187  16:28  Siege Tank  
  187  16:29  Siege Tank  
  199  16:32  Marine  
  199  16:33  Marine  
  200  16:47  Starport x2, Armory  
  200  16:50  Command Center  
  200  16:54  Marine  
  179  16:56  Marine x3  
  179  16:57  Marine x3  
  179  16:58  Marine  
  179  17:00  Viking x2, Siege Tank  
  179  17:01  Siege Tank  
  194  17:07  Marine x2  
  193  17:11  Marine x4  
  193  17:12  Marine  
  193  17:13  Marine  
  193  17:14  SCV x3  
  197  17:15  Marine x2  
  190  17:23  Marine x5  
  190  17:27  Marine x3  
  190  17:28  Marine x2  
  190  17:29  Marine x2  
  184  17:30  Marine  
  184  17:32  Viking  
  184  17:33  Raven  
  184  17:44  Viking  
  186  17:48  Marine x4  
  186  17:50  Marine  
  186  17:51  Marine x2  
  167  17:52  Marine x6  
  167  17:55  Marine x3  
  154  18:02  Siege Tank  
  154  18:05  Marine  
  154  18:06  Marine x3  
  154  18:08  Marine x3  
  154  18:10  Marine x3  
  164  18:15  Marine x2  
  164  18:16  Marine  
  150  18:21  Marine x3  
  150  18:23  Marine x2  
  150  18:24  Marine  
  150  18:26  Siege Tank  
  159  18:31  Marine x4  
  157  18:36  Marine x6  
  157  18:39  Planetary Fortress, Marine x3  
  165  18:43  Marine x2  
  165  18:44  Marine  
  164  18:49  Marine  
  164  18:51  Marine x3  
  164  18:54  Marine x5  
  173  19:01  Marine x2  
  174  19:02  Viking  
  174  19:03  Viking  
  177  19:12  Marine  
  177  19:14  Marine x2  
  177  19:18  Siege Tank  
  182  19:24  SCV  
  182  19:25  SCV x3  
  171  19:31  Marine x2  
Show
View Real Time Build Order
Export as new Build Order

Cure Terran - Winner!

Build Orders: Gas First Reaper Expand, Reaper Expand 

Get SALT Encoding   

  12  0:00  SCV  
  13  0:12  SCV  
  14  0:17  Supply Depot  
  14  0:24  SCV  
  14  0:28  Refinery  
  15  0:38  SCV  
  16  0:44  Barracks  
  16  0:50  SCV  
  17  1:02  SCV  
  18  1:15  SCV  
  19  1:31  Orbital Command  
  19  1:32  Reaper  
  20  1:53  Command Center  
  20  1:57  SCV  
  21  2:02  Factory  
  21  2:05  Barracks Reactor  
  21  2:09  SCV  
  21  2:13  Supply Depot  
  22  2:17  Refinery  
  22  2:21  SCV  
  23  2:35  SCV  
  24  2:47  Starport, SCV  
  24  2:51  Hellion x2  
  29  2:59  SCV, Barracks Tech Lab  
  30  3:11  SCV  
  30  3:12  Hellion  
  35  3:13  Hellion, Orbital Command  
  35  3:23  Medivac  
  35  3:24  SCV  
  38  3:32  Supply Depot  
  38  3:39  SCV x2  
  40  3:42  Supply Depot, Refinery  
  40  3:44  Cyclone  
  43  3:50  Marine  
  43  3:51  SCV x2  
  43  3:54  Marine  
  47  3:59  Viking  
  49  4:04  SCV x2  
  49  4:07  Supply Depot  
  49  4:08  Marine  
  52  4:16  Marine, SCV  
  54  4:20  Siege Tank  
  57  4:25  SCV  
  57  4:28  SCV  
  59  4:38  SCV  
  58  4:40  SCV  
  51  4:49  Supply Depot x2, Barracks Tech Lab  
  51  4:50  SCV  
  51  4:51  Viking  
  51  4:52  Viking, SCV  
  57  4:58  Siege Tank  
  59  5:03  SCV  
  59  5:04  Liberator, SCV  
  59  5:05  Liberator  
  61  5:07  Marine  
  62  5:16  SCV x2  
  67  5:25  Marine  
  67  5:27  Refinery  
  67  5:28  SCV x2  
  72  5:33  Siege Tank  
  76  5:40  SCV x2  
  78  5:45  Supply Depot  
  78  5:46  Supply Depot, Marine  
  79  5:50  Stimpack  
  79  5:52  SCV  
  79  5:53  SCV  
  79  5:56  Command Center  
  81  6:04  SCV  
  81  6:05  Siege Tank, SCV  
  81  6:07  Marine  
  81  6:10  Viking  
  89  6:13  Viking  
  89  6:17  SCV x2  
  93  6:21  Barracks x2  
  93  6:25  Supply Depot  
  93  6:33  SCV x2  
  93  6:35  Marine  
  93  6:36  Engineering Bay x2  
  93  6:38  Siege Tank  
  85  6:45  Viking, SCV x2  
  79  6:50  Viking  
  77  6:56  Marine  
  77  6:57  SCV  
  77  6:58  SCV  
  80  7:08  Terran Infantry Weapons Level 1, Terran Infantry Armor Level 1  
  80  7:09  Orbital Command, Barracks Reactor x2  
  80  7:14  Marine  
  80  7:15  SCV x2  
  83  7:22  Viking x2  
  87  7:25  Refinery  
  87  7:26  Refinery  
  87  7:32  Marine  
  87  7:34  Siege Tank  
  87  7:35  SCV x3  
  94  7:41  Barracks x2  
  94  7:45  Marine  
  94  7:46  Marine x2  
  94  7:47  Marine  
  98  7:51  Marine  
  98  7:53  Supply Depot  
  97  7:58  Viking x2  
  97  8:02  SCV  
  97  8:03  Marine, SCV x2  
  97  8:04  Marine x2  
  103  8:10  Marine, Siege Tank, Combat Shield  
  103  8:12  Marine  
  108  8:21  Marine  
  108  8:24  Armory  
  108  8:25  Sensor Tower  
  109  8:31  Marine x3  
  109  8:32  Barracks Reactor  
  105  8:35  Marine, Barracks Reactor  
  105  8:36  Medivac  
  105  8:37  Medivac, SCV x2  
  105  8:38  SCV  
  107  8:44  Marine  
  107  8:45  Siege Tank  
  111  8:49  Marine x3  
  111  8:53  Marine  
  113  9:02  Supply Depot, Marine  
  110  9:03  Supply Depot  
  110  9:06  Viking x2  
  110  9:07  Marine x3  
  110  9:09  Missile Turret  
  117  9:11  Marine x5  
  117  9:15  Missile Turret  
  122  9:17  Siege Tank  
  122  9:19  Terran Infantry Weapons Level 2  
  122  9:20  Marine  
  122  9:22  Terran Infantry Armor Level 2  
  126  9:24  Marine  
  126  9:26  Terran Vehicle Weapons Level 1  
  127  9:33  Supply Depot  
  127  9:34  Supply Depot, Marine x3  
  130  9:43  Viking x2  
  130  9:44  Marine x4  
  132  10:00  Marine x4  
  132  10:01  Siege Tank  
  132  10:02  Marine x3  
  132  10:05  Marine  
  130  10:09  Command Center  
  130  10:13  Viking  
  131  10:16  Viking  
  131  10:18  Marine x4, Factory  
  131  10:19  Barracks Reactor  
  137  10:24  Marine x4  
  141  10:33  Siege Tank  
  144  10:36  Marine  
  144  10:39  Marine x3  
  144  10:42  Marine x4  
  152  10:43  Medivac  
  152  10:46  Medivac  
  152  10:49  SCV x3  
  159  10:50  Starport  
  159  10:52  Starport  
  159  10:54  Marine  
  160  11:03  Marine x2  
  160  11:04  Marine  
  151  11:06  Marine x2  
  151  11:07  Marine x2, Siege Tank x2  
  162  11:20  Viking  
  162  11:21  Marine x4, Viking  
  162  11:22  Refinery  
  170  11:26  Refinery  
  170  11:30  Starport Tech Lab x2  
  170  11:35  Starport Reactor  
  170  11:37  Fusion Core  
  170  11:44  Sensor Tower  
  170  11:45  Planetary Fortress  
  170  11:48  Terran Infantry Weapons Level 3  
  170  11:52  Marine x6  
  170  11:53  Marine x2  
  177  11:58  Terran Infantry Armor Level 3  
  176  12:06  Viking x2  
  180  12:09  Supply Depot  
  180  12:12  Supply Depot  
  180  12:14  Terran Vehicle Weapons Level 2  
  180  12:15  Viking  
  182  12:18  Marine x4  
  186  12:30  Siege Tank  
  186  12:31  Advanced Ballistics  
  186  12:33  Supply Depot  
  189  12:42  Marine x7  
  196  12:46  Marine x3  
  196  12:49  Siege Tank  
  195  12:59  Liberator x2  
  195  13:02  Siege Tank  
  195  13:03  Command Center  
  195  13:04  Missile Turret  
  195  13:05  Missile Turret  
  198  13:06  Missile Turret  
  198  13:08  Missile Turret  
  186  13:13  Medivac x3  
  193  13:26  Liberator x2  
  190  14:14  Command Center  
  190  14:15  Command Center  
  190  14:16  Command Center  
  190  14:18  Siege Tank x2  
  190  14:19  Viking x3  
  190  14:22  Command Center  
  182  14:27  Marine x6  
  175  14:36  Terran Vehicle Weapons Level 3  
  175  14:43  Viking x2  
  179  15:03  Viking x3  
  179  15:06  Planetary Fortress  
  185  15:10  Refinery  
  185  15:12  Refinery  
  185  15:13  Sensor Tower  
  185  15:22  Liberator x2  
  185  15:23  Liberator  
  185  15:24  Viking  
  173  15:33  Viking  
  174  15:42  Planetary Fortress, Orbital Command x2  
  174  15:45  SCV x2  
  174  15:46  SCV  
  174  15:48  SCV  
  174  15:49  SCV  
  179  16:02  SCV x2  
  179  16:03  SCV  
  179  16:04  SCV x2  
  184  16:06  Siege Tank  
  184  16:07  Siege Tank  
  178  16:21  Marine x8  
  160  16:26  Viking x2  
  160  16:29  Viking  
  160  16:32  Viking  
  168  16:39  Siege Tank x2  
  174  16:41  Sensor Tower  
  174  16:42  Marine x8  
  174  16:46  Marine x2  
  182  16:50  Sensor Tower  
  177  16:59  Marine x2  
  177  17:00  Marine x4  
  183  17:06  Marine x2  
  183  17:07  Marine x2  
  185  17:11  Siege Tank x2  
  191  17:17  Marine x4  
  191  17:18  Marine x2, Liberator x2  
  191  17:21  Medivac  
  199  17:24  Marine x3  
  199  17:25  Terran Vehicle And Ship Armor Level 1  
  193  17:30  Marine  
  193  17:35  Marine x3  
  200  17:48  Marine x6  
  200  17:49  Marine  
  200  17:50  Siege Tank x2  
  194  17:53  Marine x3, Viking x2  
  194  17:54  Viking  
  171  18:06  Marine x7  
  171  18:11  Marine x3, Refinery x2  
  181  18:13  Factory  
  181  18:18  Viking x2  
  185  18:24  Marine x4  
  186  18:32  Marine x2  
  186  18:33  Marine x4  
  187  18:36  Liberator, Siege Tank x2  
  190  18:47  Viking  
  190  18:48  Viking x2  
  195  18:49  Marine x4  
  195  18:50  Marine  
  197  19:19  Orbital Command  
  198  19:24  Marine x2  
  198  19:25  Sensor Tower  
  191  19:31  Marine x4  
Tags
 
Add a new tag
Caveats
  • Supply blocks, unpowered buildings, or Contaminate may cause inaccurate times.
  • Supply counts are checked every 10 seconds.